 Dungeon Crawl Stone Soup version 0.31-a0-1074-g0b22e4e0f1 (webtiles) character file.

Game seed: 12676545095200134049

45 Curundu the Trooper (level 3, -1/33 HPs)
             Began as a Draconian Berserker on Dec 6, 2023.
             Was a Follower of Trog.
             Slain by a gnoll
             ... wielding a +0 spear
              (4 damage)
             ... on level 3 of the Dungeon.
             The game lasted 00:09:48 (1776 turns).

Curundu the Trooper (Draconian Berserker)           Turns: 1776, Time: 00:09:49

Health: -1/33      AC:  6    Str: 19    XL:     3   Next: 42%
Magic:  3/3        EV: 12    Int:  7    God:    Trog [*.....]
Gold:   91         SH:  0    Dex: 12    Spells: 2/2 levels left

rFire   . . .        a - +0 hand axe
rCold   . . .        (no shield)
rNeg    . . .        (body armour unavailable)
rPois   .            (helmet restricted)
rElec   .            k - +0 cloak
rCorr   .            (no gloves)
SInv    .            (no boots)
Will    .....        (no amulet)
Stlth   +            (no ring)
HPRegen 0.25/turn    (no ring)
MPRegen 0.08/turn

%: no passive effects
@: no status effects
A: AC +5, unfitting armour, cold-blooded
a: Renounce Religion, Berserk


You were on level 3 of the Dungeon.
You worshipped Trog.
Trog was aware of your devotion.
You visited 1 branch of the dungeon, and saw 3 of its levels.

You collected 91 gold pieces.

Inventory:

Hand Weapons
 a - a +0 hand axe (weapon)
Missiles
 j - 5 poisoned darts
Armour
 k - a +0 cloak (worn)
Scrolls
 c - a scroll of teleportation
 d - 4 scrolls of identify
 e - a scroll of revelation {unknown}
Potions
 b - 2 potions of degeneration {unknown}
 f - 3 potions of enlightenment {unknown}
 g - 2 potions of might {unknown}
 h - a potion of ambrosia {unknown}
 i - a potion of haste {unknown}
 l - a potion of curing {unknown}


   Skills:
 + Level 3.9 Fighting
 + Level 3.5 Axes
 + Level 3.2 Dodging


You had 2 spell levels left.
You didn't know any spells.
Your spell library contained the following spells:

 Spells                   Type           Power      Damage    Failure   Level
 Olgreb's Toxic Radiance  Pois           0%         N/A       99%         4
 Discord                  Hex            0%         N/A       100%        8
 Ignition                 Fire           0%         3d3       100%        8


Dungeon Overview and Level Annotations

Branches:
Dungeon (3/15)

Altars:


Innate Abilities, Weirdness & Mutations

Your plain brown scales are hard. (AC +5)
You cannot fit into any form of body armour.
You are cold-blooded and may be slowed by cold attacks.


Message History

You closely miss the gnoll.
The gnoll is moderately wounded.
You hit the worm. The gnoll hits you but does no damage.
The gnoll hits you from afar with a +0 spear.
The worm closely misses you. The gnoll attacks as it pursues you!
The gnoll closely misses you.
An endoplasm comes into view.
You hit the gnoll.
The gnoll is heavily wounded.
The gnoll hits you but does no damage. The gnoll hits you with a +0 flail!
You hit the gnoll.
The gnoll is almost dead.
The gnoll barely misses you. The gnoll misses you.
You hit the gnoll.
You kill the gnoll!
Trog accepts your kill.
The gnoll hits you but does no damage. x2; The gnoll closely misses you.
You hit the gnoll.
Your tail-slap misses the gnoll.
The gnoll is moderately wounded.
The gnoll hits you from afar with a +0 spear.
You barely miss the worm.
The worm is lightly wounded.
The gnoll barely misses you.
You hit the worm but do no damage.
The worm is lightly wounded.
The gnoll hits you from afar with a +0 spear.
You hit the worm.
The worm is heavily wounded.
The gnoll hits you from afar with a +0 spear.
* * * LOW HITPOINT WARNING * * *
The worm misses you.
You hit the worm.
The worm is severely wounded.
The gnoll hits you from afar with a +0 spear.
* * * LOW HITPOINT WARNING * * *
The worm barely misses you.
You barely miss the worm.
The worm is heavily wounded.
The gnoll hits you from afar with a +0 spear.
You die...

..#.####.####.#####.
#...................
..#.................
######.###<..#####
#.......# ####...##
#...#.# #.#...#
#@###.# #w# .#
......Jgg....#
.#####..####.# #..#
# #... #.## #. ##


You could see a worm, 2 gnolls and an endoplasm.

Vanquished Creatures
  A gnoll (D:3)
  A dart slug (D:2)
  A ball python (D:2)
  6 endoplasms
  A giant cockroach (D:2)
  3 goblins
  4 hobgoblins
  A quokka (D:1)
  6 bats
  A kobold (D:2)
  4 rats
29 creatures vanquished.

Notes
Turn   | Place    | Note
-------+----------+-------------------------------------------
     0 | D:1      | Curundu the Draconian Berserker began the quest for the
                  | Orb.
     0 | D:1      | Reached XP level 1. HP: 19/19 MP: 1/1
   220 | D:1      | Reached XP level 2. HP: 19/26 MP: 2/2
  1061 | D:2      | Reached XP level 3. HP: 33/33 MP: 3/3
  1776 | D:3      | Slain by a gnoll

Illustrated notes

Levels and vault maps discovered:
D:1:      spicycebolla_arrival_ecumenical, layout_loops_ring, minmay_ruptured
D:2:      layout_loops_ring
D:3:      layout_loops_ring, minmay_rat_hole, uniq_grinder

Skill      XL: |  1  2 |
---------------+-------+-----
Dodging        | 3 |  3.2
Fighting       | |  3.9
Axes           | |  3.5

Action                     || total
---------------------------++-------
  Melee: Hand axe          ||    85
         Tailslap          ||    10
         Punch             ||     1
    Use: Scroll            ||     1
 Armour: Skin              ||    57
  Dodge: Dodged            ||    69

Table legend: (Time is in decaauts)
 A = Elapsed time spent in this place.
 B = Non-inter-level travel time spent in this place.
 C = Inter-level travel time spent in this place.
 D = Time resting spent in this place.
 E = Time spent auto-exploring this place.
 F = Levels seen in this place.
 G = Mean time per level.
                   A        B        C        D        E       F      G
               +--------+--------+--------+--------+--------+-----+--------+
         Total |   1788 |   1788 |      0 |     22 |      0 |   3 |  596.0 |
       Dungeon |   1788 |   1788 |      0 |     22 |      0 |   3 |  596.0 |
               +--------+--------+--------+--------+--------+-----+--------+

Top non-repeatable levels by time:
     D:2: 1053 daAuts
     D:1: 691 daAuts
     D:3: 44 daAuts
